 Dungeon Crawl Stone Soup version 0.30-a0-1103-g25895a7845 (console) character file.

Game seed: 11105382668268546167

11783 jejorda2 the Impaler (level 11, -6/84 HPs)
             Began as a Merfolk Berserker on Apr 18, 2023.
             Was an Elder of Trog.
             Mangled by a skeletal warrior
             ... wielding a +0 war axe
              (17 damage)
             ... on level 11 of the Dungeon.
             The game lasted 00:23:52 (10727 turns).

jejorda2 the Impaler (Merfolk Berserker)           Turns: 10727, Time: 00:23:52

Health: -6/84      AC: 13    Str: 22    XL:     11   Next: 83%
Magic:  11/11      EV:  9    Int:  7    God:    Trog [****..]
Gold:   230        SH:  0    Dex: 13    Spells: 10/10 levels left

rFire   . . .      SeeInvis .    b - +1 spear (spect)
rCold   + . .      Faith    +    (no shield)
rNeg    + . .      Spirit   .    F - +2 chain mail {rC+}
rPois   .          Reflect  .    (no helmet)
rElec   .          Rampage  .    g - +0 cloak
rCorr   +                        (no gloves)
Will    .....                    (no boots) Stlth
                                 C - amulet of faith
HPRegen 0.34/turn                e - ring of resist corrosion
MPRegen 0.12/turn                D - ring of positive energy

@: about to teleport, on berserk cooldown, slowed, very slow
A: (nimble swimmer 2), mertail
a: Renounce Religion, Berserk, Trog's Hand, Brothers in Arms


You were on level 11 of the Dungeon.
You worshipped Trog.
Trog was greatly pleased with you.
You visited 1 branch of the dungeon, and saw 11 of its levels.

You collected 477 gold pieces.
You spent 247 gold pieces at shops.

Inventory:

Hand Weapons
 a - a +4 scythe of freezing
 b - a +1 spectral spear (weapon)
Missiles
 c - 79 stones (quivered)
 q - 10 poisoned darts
 x - 5 boomerangs
Armour
 g - a +0 cloak (worn)
 F - a +2 chain mail of cold resistance (worn)
Jewellery
 e - a ring of resist corrosion (left hand)
 C - an amulet of faith (around neck)
 D - a ring of positive energy (right hand)
Wands
 f - a wand of polymorph (7)
 p - a wand of roots (11)
 y - a wand of mindburst (6)
 E - a wand of paralysis (15)
Scrolls
 d - a scroll of enchant armour
 o - a scroll of enchant weapon
 r - 5 scrolls of teleportation
 w - a scroll of vulnerability
 z - a scroll of fog
 A - a scroll of blinking
 G - a scroll of magic mapping
Potions
 h - a potion of ambrosia
 i - 3 potions of cancellation
 j - 5 potions of heal wounds
 k - 4 potions of curing
 l - 5 potions of flight
 m - a potion of invisibility
 n - a potion of mutation
 s - a potion of degeneration {unknown}
 t - a potion of attraction
 u - 2 potions of lignification
 v - a potion of might
 B - 2 potions of resistance
 H - a potion of brilliance {unknown}


   Skills:
 + Level 7.6 Fighting
 + Level 19.3 Polearms
 + Level 4.0 Throwing
 - Level 6.0 Armour
 - Level 2.6 Dodging


You had 10 spell levels left.
You didn't know any spells.
Your spell library was empty.

Dungeon Overview and Level Annotations

Branches:
Dungeon (11/15)            Temple (0/1) D:7            Lair (0/5) D:11
    Orc: D:9-12

Altars:
Ashenzari
Cheibriados
Elyvilon
Fedhas
Hepliaklqana
Kikubaaqudgha
Nemelex Xobeh
Okawaru
Qazlal
Sif Muna
Trog
Uskayaw
Wu Jian
Xom
Yredelemnul
Zin

Shops:
D:4 [   D:7 *

Annotations:
D:7 3 runed translucent doors, LobsterGuardian's ghost, novice MiHu; asti's ghost, novice MiFi


Innate Abilities, Weirdness & Mutations

((You are very nimble when in or above water. (Stealth+, EV+, Speed+++)))
Your lower body shifts to a powerful aquatic tail in water.


Message History

Your spectral weapon shares its damage with you!
Your +1 spectral spear disappears.
The skeletal warrior hits you from afar with a +0 trident!
You are too injured to fight recklessly!
You are too injured to fight recklessly!
You are too injured to fight recklessly!
You are too injured to fight recklessly!
You hit the skeletal warrior.
The skeletal warrior is moderately damaged.
Your +1 spectral spear hits the skeletal warrior.
You puncture the skeletal warrior!
The skeletal warrior is heavily damaged.
Your +1 spectral spear hits the skeletal warrior!
You hit the skeletal warrior.
The skeletal warrior is severely damaged.
Your +1 spectral spear barely misses the skeletal warrior.
The skeletal warrior hits you with a +0 battleaxe!
The skeletal warrior hits your +1 spectral spear with a +0 battleaxe!
Your spectral weapon shares its damage with you!
The skeletal warrior hits your +1 spectral spear with a +0 war axe!
Your spectral weapon shares its damage with you!
* * * LOW HITPOINT WARNING * * *
The skeletal warrior closely misses you.
You barely miss the skeletal warrior.
The skeletal warrior is severely damaged.
Your +1 spectral spear barely misses the skeletal warrior.
You are no longer berserk.
You are exhausted.
You feel yourself slow down.
As you read the scroll of teleportation, it crumbles to dust.
You feel strangely unstable.
Your +1 spectral spear disappears.
The orc hits you but does no damage.
The skeletal warrior hits you with a +0 battleaxe.
* * * LOW HITPOINT WARNING * * *
The skeletal warrior hits you from afar with a +0 trident!
* * * LOW HITPOINT WARNING * * *
The skeletal warrior attacks as you move away!
The skeletal warrior hits you with a +0 war axe!
You die...

#######..## ....
.............. ...
.............. #..
#..#######..## #.o #..#
#..# #.. #..# #..#
#####z.####..#######.~##
......zz...........##...
......)@o...............
#####..####..####.......
#.. #..####....... #..
#..##.....#.#.
#..####..##......##.
..............#.###.
.....................
############.........
....#..#..


You could see 3 skeletal warriors, an orc warrior and an orc.

Vanquished Creatures
  2 skeletal warriors (D:11)
  An ugly thing (D:11)
  A manticore (D:11)
  Maurice (D:8)
  Joseph (D:7)
  A gargoyle (D:11)
  An unseen horror (D:11)
  A rime drake (D:11)
  2 trolls
  Sigmund (D:2)
  A shadow (D:9)
  A vampire (D:11)
  21 yaks
  A wraith (D:11)
  2 steam dragons
  Grum (D:9)
  2 swamp worms (D:8)
  2 ice beasts
  A black bear (D:4)
  A sky beast (D:7)
  6 wolves
  3 centaurs
  A phantom (D:6)
  4 bullfrogs
  A kobold brigand (D:10)
  4 scorpions
  10 wights (D:8)
  6 killer bees (D:10)
  A howler monkey (D:5)
  6 electric eels (D:10)
  5 hounds
  2 jellies
  A gnoll bouda (D:7)
  6 orc priests
  A sleepcap (D:5)
  3 iguanas
  11 orc wizards
  7 gnolls
  9 adders
  2 ufetubi
  A worm (D:3)
  3 dart slugs (D:3)
  43 orcs
  7 bats
  9 endoplasms
  4 giant cockroaches
  8 hobgoblins
  13 kobolds
  3 quokkas
  9 ball pythons
  2 frilled lizards
  5 goblins
  2 rats (D:2)
243 creatures vanquished.

Vanquished Creatures (others)
  13 plants
  A spectral weapon (D:11)
  6 withered plants (D:7)
20 creatures vanquished.

Grand Total: 263 creatures vanquished

Notes
Turn   | Place    | Note
-------+----------+-------------------------------------------
     0 | D:1      | jejorda2 the Merfolk Berserker began the quest for the Orb.
     0 | D:1      | Reached XP level 1. HP: 18/18 MP: 1/1
   104 | D:1      | Reached XP level 2. HP: 12/24 MP: 2/2
   720 | D:2      | Reached ** piety under Trog
   721 | D:2      | Reached XP level 3. HP: 29/29 MP: 3/3
   733 | D:2      | Reached skill level 5 in Polearms
   850 | D:2      | Noticed Sigmund
   864 | D:2      | Killed Sigmund
   865 | D:2      | Reached skill level 6 in Polearms
   865 | D:2      | Reached XP level 4. HP: 14/38 MP: 4/4
   865 | D:2      | Reached XP level 5. HP: 16/43 MP: 5/5
  1134 | D:2      | Reached XP level 6. HP: 49/49 MP: 6/6
  1349 | D:2      | Identified the staff of air "Naeggijo" {rElec rPois}
  1527 | D:3      | Reached skill level 7 in Polearms
  1649 | D:3      | Found an ancient bone altar of Kikubaaqudgha.
  2021 | D:3      | Found a faded altar of an unknown god.
  2069 | D:3      | Found a broken altar of Ashenzari.
  2492 | D:4      | Noticed a black bear
  2501 | D:4      | Reached skill level 5 in Fighting
  2501 | D:4      | Reached XP level 7. HP: 56/56 MP: 7/7
  2503 | D:4      | Reached skill level 8 in Polearms
  2578 | D:4      | Found Ihey's Antique Armour Emporium.
  2614 | D:4      | Reached *** piety under Trog
  2664 | D:4      | Found a bloodstained altar of Trog.
  2904 | D:4      | Found a hide-covered altar of Uskayaw.
  3276 | D:5      | Entered Level 5 of the Dungeon
  3283 | D:5      | Found a hazy altar of Hepliaklqana.
  3536 | D:5      | Found a snail-covered altar of Cheibriados.
  3566 | D:5      | Found an ornate altar of the Wu Jian Council.
  3669 | D:5      | Reached skill level 9 in Polearms
  3742 | D:5      | Reached XP level 8. HP: 58/64 MP: 8/8
  3791 | D:5      | Found a white marble altar of Elyvilon.
  4055 | D:5      | Found a glowing silver altar of Zin.
  4572 | D:6      | Found an iron altar of Okawaru.
  4786 | D:6      | Reached skill level 10 in Polearms
  4924 | D:6      | Reached **** piety under Trog
  5211 | D:7      | Reached skill level 11 in Polearms
  5352 | D:7      | Found a runed translucent gate.
  5355 | D:7      | Found a staircase to the Ecumenical Temple.
  5377 | D:7      | Reached XP level 9. HP: 69/69 MP: 9/9
  5471 | D:7      | Noticed Joseph
  5490 | D:7      | Killed Joseph
  5491 | D:7      | Reached skill level 12 in Polearms
  5491 | D:7      | Reached skill level 5 in Armour
  5690 | D:7      | Found Ungat's Fire Supplies.
  5725 | D:7      | Found a stormy altar of Qazlal.
  5766 | D:7      | Found a shimmering altar of Xom.
  5854 | D:7      | Found a runed translucent gate.
  5854 | D:7      | Found a runed translucent gate.
  5854 | D:7      | Noticed asti's ghost (novice MiFi)
  5855 | D:7      | Noticed LobsterGuardian's ghost (novice MiHu)
  5970 | D:7      | Found a blossoming altar of Fedhas.
  6044 | D:7      | Found a shimmering blue altar of Sif Muna.
  6243 | D:8      | Reached skill level 13 in Polearms
  6516 | D:8      | Noticed Maurice
  6537 | D:8      | Killed Maurice
  6546 | D:8      | Reached skill level 14 in Polearms
  6554 | D:8      | Reached XP level 10. HP: 76/76 MP: 10/10
  6880 | D:8      | Found a sparkling altar of Nemelex Xobeh.
  7291 | D:9      | Noticed Grum
  7314 | D:9      | Reached skill level 15 in Polearms
  7326 | D:9      | Killed Grum
  7584 | D:9      | Found a basalt altar of Yredelemnul.
  8074 | D:10     | Entered Level 10 of the Dungeon
  8599 | D:10     | Reached skill level 16 in Polearms
  8752 | D:10     | Reached skill level 17 in Polearms
  9082 | D:4      | Bought a glowing chain mail for 247 gold pieces
  9253 | D:10     | Reached XP level 11. HP: 80/81 MP: 11/11
  9272 | D:10     | Reached skill level 18 in Polearms
  9520 | D:10     | Reached ***** piety under Trog
  9783 | D:11     | Noticed a cyan ugly thing
  9808 | D:11     | Killed a cyan ugly thing
  9809 | D:11     | Reached skill level 1 in Throwing
 10157 | D:11     | Reached skill level 19 in Polearms
 10325 | D:11     | Noticed a manticore
 10340 | D:11     | Killed a manticore
 10507 | D:11     | Found a staircase to the Lair.
 10691 | D:11     | Noticed a skeletal warrior
 10691 | D:11     | Noticed a skeletal warrior
 10692 | D:11     | Noticed a skeletal warrior
 10692 | D:11     | Noticed a skeletal warrior
 10693 | D:11     | Noticed a skeletal warrior
 10703 | D:11     | Killed a skeletal warrior
 10714 | D:11     | Killed a skeletal warrior
 10727 | D:11     | Mangled by a skeletal warrior

Illustrated notes

Levels and vault maps discovered:
D:1:      dpeg_arrival_erosion, layout_rooms, minmay_tripent
D:2:      layout_basic, uniq_sigmund
D:3:      layout_basic, mainiacjoe_overflow_catwalk_spiral,
          chequers_ecumenical_altar_simple, serial_bayou_lake_a
D:4:      layout_loops_ring, mainiacjoe_overflow_boulevard,
          nicolae_uskayaw_dance_hall, serial_shops,
          nicolae_shop_advertising_works [nicolae_subvault_shop_adworks],
          minmay_splitting_lines, guppyfry_early_lair_pool
D:5:      layout_basic, elyvilon_altar_1, old_standard_altar,
          nicolae_hepliaklqana_hazy_memory, mainiacjoe_overflow_two_lobes
D:6:      layout_basic, kennysheep_mini_moat, hangedman_abyss_or_decor_stabs
D:7:      layout_cave_pools, kennysheep_little_box,
          mainiacjoe_overflow_cross_hatched, lemuel_doored_altar, tgw_sif,
          temple_pool_b, gammafunk_ghost_cemetery, nicolae_shop_fire_sale
          [nicolae_sub_dead_trees], uniq_joseph
D:8:      layout_loops_ring, old_standard_altar, worms_lemuel, uniq_maurice
D:9:      layout_basic, kennysheep_mini, uniq_grum
D:10:     erik_rubicon_b, layout_long_grid
D:11:     layout_small_grid, hellmonk_lair_entry_icy, orc_0_dummy,
          kennysheep_decorative_pillar

Skill      XL: |  1  2  3  4  5  6  7  8  9 10 11 |
---------------+----------------------------------+-----
Polearms       | 6 7 9 11 14 17 19 | 19.3
Fighting       | 4 5 6 7 |  7.6
Armour         | 2 3 4 5 6 |  6.0
Throwing       | 4 |  4.0
Dodging        | |  2.6

Action                     |  1- 3 |  4- 6 |  7- 9 | 10-12 || total
---------------------------+-------+-------+-------+-------++-------
  Melee: Spear             |   100 |       |   219 |   386 ||   705
         Punch             |     1 |       |     4 |     2 ||     7
         Halberd           |       |   107 |    33 |       ||   140
         Tailslap          |       |       |     5 |    11 ||    16
  Throw: Stone             |     1 |     1 |       |     3 ||     5
 Invoke: Berserk           |     1 |     2 |     4 |     7 ||    14
         Trog's Hand       |     1 |       |     2 |     2 ||     5
         Brothers in Arms  |       |       |       |     1 ||     1
    Use: Scroll            |       |       |    17 |    10 ||    27
         Potion            |       |       |     1 |       ||     1
   Stab: Distracted        |       |       |     4 |     8 ||    12
 Armour: Animal skin       |     4 |       |       |       ||     4
         Ring mail         |    20 |     2 |       |       ||    22
         Plate armour      |       |    41 |    63 |    45 ||   149
         Chain mail        |       |       |       |    45 ||    45
  Dodge: Dodged            |    32 |    15 |    28 |    76 ||   151

Table legend: (Time is in decaauts)
 A = Elapsed time spent in this place.
 B = Non-inter-level travel time spent in this place.
 C = Inter-level travel time spent in this place.
 D = Time resting spent in this place.
 E = Time spent auto-exploring this place.
 F = Levels seen in this place.
 G = Mean time per level.
                   A        B        C        D        E       F      G
               +--------+--------+--------+--------+--------+-----+--------+
         Total |  10465 |   9737 |    728 |   1210 |   7140 |  11 |  951.4 |
       Dungeon |  10465 |   9737 |    728 |   1210 |   7140 |  11 |  951.4 |
               +--------+--------+--------+--------+--------+-----+--------+

Top non-repeatable levels by time:
    D:10: 1353 daAuts
     D:5: 1239 daAuts
     D:9: 1204 daAuts
     D:8: 968 daAuts
     D:7: 957 daAuts
     D:4: 936 daAuts
     D:2: 882 daAuts
     D:3: 794 daAuts
    D:11: 730 daAuts
     D:1: 700 daAuts
     D:6: 698 daAuts
